 Dungeon Crawl Stone Soup version 0.26.1-11-gd32895ea62 (webtiles) character file.

Game seed: 8906951003195028604

179 phalm the Ducker (level 5, 0/43 (47) HPs)
             Began as a Gnoll Monk on May 16, 2021.
             Slain by an orc wizard
             ... wielding a +4 dagger
              (1 damage)
             ... on level 3 of the Dungeon.
             The game lasted 00:02:48 (1367 turns).

phalm the Ducker (Gnoll Monk)                       Turns: 1367, Time: 00:02:48

HP:   0/43 (47)     AC:  8    Str: 14    XL:     5   Next: 59%
MP:   5/7           EV:  9    Int: 13    God:
Gold: 53            SH:  0    Dex: 17    Spells: 7/7 levels left

rFire    . . .     SeeInvis .   j - +2 quarterstaff (vorpal)
rCold    . . .     Faith    .   (shield currently unavailable)
rNeg     . . .     Spirit   .   e - +0 chain mail
rPois    .         Reflect  .   (no helmet)
rElec    .         Harm     .   (no cloak)
rCorr    .         Rampage  .   (no gloves)
Will     .....                  (no boots)
Stlth    ..........             (no amulet)
HPRegen  0.14/turn              (no ring)
MPRegen  0.10/turn              (no ring)

@: drained
A: distributed training, fangs 1, strong nose
a: no special abilities


You were on level 3 of the Dungeon.
You visited 1 branch of the dungeon, and saw 3 of its levels.

You collected 53 gold pieces.


Innate Abilities, Weirdness & Mutations

Your experience applies equally to all skills.
You have very sharp teeth.
Your uncanny sense of smell can sniff out nearby items.


   Skills:
 + Level 6.7 Fighting
 + Level 1.5 Short Blades
 + Level 1.5 Long Blades
 + Level 6.7 Axes
 + Level 1.5 Maces & Flails
 + Level 1.5 Polearms
 + Level 1.5 Staves
 + Level 1.5 Slings
 + Level 1.5 Bows
 + Level 1.5 Crossbows
 + Level 1.5 Throwing
 + Level 1.5 Armour
 + Level 6.7 Dodging
 + Level 4.4 Stealth
 + Level 1.5 Shields
 + Level 1.5 Unarmed Combat
 + Level 1.5 Spellcasting
 + Level 1.2 Conjurations
 + Level 1.2 Hexes
 + Level 1.2 Summonings
 + Level 1.2 Necromancy
 + Level 1.2 Translocations
 + Level 1.2 Transmutations
 + Level 1.2 Fire Magic
 + Level 1.2 Ice Magic
 + Level 1.2 Air Magic
 + Level 1.2 Earth Magic
 + Level 1.2 Poison Magic
 + Level 1.7 Invocations
 + Level 1.5 Evocations


You had 7 spell levels left.
You didn't know any spells.
Your spell library contained the following spells:

 Spells                   Type           Power        Failure   Level
 Animate Skeleton         Necr           8%           99%         1
 Apportation              Tloc           8%           99%         1
 Corona                   Hex            4%           99%         1
 Summon Small Mammal      Summ           16%          99%         1

Inventory:

Hand Weapons
 a - a +0 hand axe
 b - a +0 hunting sling
   (You found it on level 1 of the Dungeon)
 j - a +2 vorpal quarterstaff (weapon)
   (You found it on level 2 of the Dungeon)
Missiles
 d - 26 sling bullets
 l - 6 arrows
Armour
 e - a +0 chain mail (worn)
   (You found it on level 1 of the Dungeon)
 f - a +0 robe
Scrolls
 c - 5 scrolls of remove curse {unknown}
 h - a scroll of enchant armour {unknown}
 i - a scroll of teleportation {unknown}
 m - a scroll of fear {unknown}
Potions
 g - a potion of flight {unknown}
 k - a potion of invisibility

Dungeon Overview and Level Annotations

Branches:
Dungeon (3/15)

Altars:

##########
........<######
#########.....#
∆ #.....#
#.....# #.$...#
#@....#
.....l{)....+
......#.!...#
.......######
..... . .......
.... .. .......


You could see a frilled lizard.


Message History

The bullfrog hits you. 😕 HP[-1]
You take 1 damage, and now have 32/41 hp.
You closely miss the bullfrog. The bullfrog barely misses you.
The orc priest casts a cantrip, but nothing happens.
The bullfrog closely misses you. The orc completely misses you.
Your chain mail prevents you from hitting the bullfrog.
The bullfrog hits you but does no damage.
The orc wizard begins to cast a cantrip, but forgets the words!
The bullfrog hits you.
You miss the bullfrog.
The orc wizard casts a spell at itself.
The orc wizard flickers and vanishes!
Deactivating autopickup; reactivate with Ctrl-A.
The bullfrog hits you but does no damage.
The orc hits you but does no damage.
You feel drained. The bullfrog hits you. 😮 HP[-5]
You now have 40 max hp (-1).
You take 5 damage, and now have 27/40 hp.
You are too injured to fight recklessly!
You hit the bullfrog. The orc hits you but does no damage.
You feel drained.
The bullfrog hits you but does no damage.
The orc hits you but does no damage.
You feel drained. The bullfrog barely misses you.
You now have 38 max hp (-2).
You hit the bullfrog.
You kill the bullfrog!
Your life force feels restored.
Your Conjurations skill increases to level 1!
Your Hexes skill increases to level 1!
Your Summonings skill increases to level 1!
Your Necromancy skill increases to level 1!
Your Translocations skill increases to level 1!
Your Transmutations skill increases to level 1!
Your Fire Magic skill increases to level 1!
Your Ice Magic skill increases to level 1!
Your Air Magic skill increases to level 1!
Your Earth Magic skill increases to level 1!
Your Poison Magic skill increases to level 1!
You have reached level 5! 😮 HP[+4]
You now have 47 max hp (+9).
You regained 4 hp, and now have 31/47 hp.
You hit the orc priest. The orc hits you but does no damage.
You feel drained.
The orc priest calls down the wrath of Beogh upon you.
Beogh smites you!
* * * LOW HITPOINT WARNING * * *
😨 HP[-12]
You now have 46 max hp (-1).
You take 12 damage, and now have 19/46 hp.
MASSIVE DAMAGE!! (PAUSE)
You barely miss the orc priest. Your bite misses the orc priest.
The orc hits you but does no damage.
You feel drained. The orc priest barely misses you.
You now have 44 max hp (-2).
You thump the orc priest!
You kill the orc priest!
The orc hits you but does no damage.
You feel drained. The orc hits you but does no damage.
You feel drained. 😨 HP[+1]
You hit the orc. You bite the orc, but do no damage.
You hear some strange, mumbled words.
A puff of frost appears from out of thin air!
The puff of frost hits you!
* * * LOW HITPOINT WARNING * * *
You hear some strange, mumbled words.
A puff of flame appears from out of thin air!
The puff of flame hits you.
* * * LOW HITPOINT WARNING * * *
The orc hits you but does no damage.
You feel drained. 😱 HP[-12]
You now have 43 max hp (-1).
You take 12 damage, and now have 8/43 hp.
MASSIVE DAMAGE!! (PAUSE)
You hit the orc.
You kill the orc!
Something hits you.
* * * LOW HITPOINT WARNING * * *
Something hits you but does no damage. 😱 HP[-3]
You take 3 damage, and now have 5/43 hp.
Okay, then.
You barely miss something. Something hits you.
* * * LOW HITPOINT WARNING * * *
Something hits you.
* * * LOW HITPOINT WARNING * * *
😱 HP[-4]
You take 4 damage, and now have 1/43 hp.
You closely miss something. Something hits you but does no damage.
Something hits you.
You die...

Skill      XL: |  1  2  3  4 |
---------------+-------------+-----
Invocations    | 1 |  1.7
Short Blades   | 1 |  1.5
Long Blades    | 1 |  1.5
Maces & Flails | 1 |  1.5
Polearms       | 1 |  1.5
Staves         | 1 |  1.5
Slings         | 1 |  1.5
Bows           | 1 |  1.5
Crossbows      | 1 |  1.5
Throwing       | 1 |  1.5
Armour         | 1 |  1.5
Shields        | 1 |  1.5
Unarmed Combat | 1 |  1.5
Spellcasting   | 1 |  1.5
Evocations     | 1 |  1.5
Conjurations   | 1 |  1.2
Hexes          | 1 |  1.2
Summonings     | 1 |  1.2
Necromancy     | 1 |  1.2
Translocations | 1 |  1.2
Transmutations | 1 |  1.2
Fire Magic     | 1 |  1.2
Ice Magic      | 1 |  1.2
Air Magic      | 1 |  1.2
Earth Magic    | 1 |  1.2
Poison Magic   | 1 |  1.2
Fighting       | |  6.7
Axes           | |  6.7
Dodging        | |  6.7
Stealth        | |  4.4

Action                   |  1- 3 |  4- 6 || total
-------------------------+-------+-------++-------
Melee: Hand axe          |    88 |    10 ||    98
       Bite              |    13 |     3 ||    16
       Punch             |     1 |       ||     1
       Quarterstaff      |       |    39 ||    39
 Fire: Hunting sling     |     1 |       ||     1
Armor: Chain mail        |    45 |    41 ||    86
Dodge: Dodged            |    43 |    22 ||    65

Levels and vault maps discovered:
D:1:      co_arrival_square_in_a_square_in_a_square, layout_rooms, st_stairs_9,
          grunt_decor_clamped
D:2:      layout_rooms
D:3:      layout_basic

Notes
Turn   | Place    | Note
-------+----------+-------------------------------------------
     0 | D:1      | phalm the Gnoll Monk began the quest for the Orb.
     0 | D:1      | Reached XP level 1. HP: 23/23 MP: 1/1
     0 | D:1      | magus.rc [v1.9.10]
   277 | D:1      | Reached XP level 2. HP: 29/29 MP: 2/2
   592 | D:1      | Reached XP level 3. HP: 35/35 MP: 3/3
   853 | D:2      | You pick up a book of Cantrips and begin reading...
   853 | D:2      | You add the spells Corona, Animate Skeleton, Summon Small
                  | Mammal and Apportation to your library.
   882 | D:2      | Reached skill level 1 in Invocations
   951 | D:2      | Reached skill level 1 in Short Blades
   951 | D:2      | Reached skill level 1 in Long Blades
   951 | D:2      | Reached skill level 1 in Maces & Flails
   951 | D:2      | Reached skill level 1 in Polearms
   951 | D:2      | Reached skill level 1 in Staves
   951 | D:2      | Reached skill level 1 in Slings
   951 | D:2      | Reached skill level 1 in Bows
   951 | D:2      | Reached skill level 1 in Crossbows
   951 | D:2      | Reached skill level 1 in Throwing
   951 | D:2      | Reached skill level 1 in Armour
   951 | D:2      | Reached skill level 1 in Shields
   951 | D:2      | Reached skill level 1 in Unarmed Combat
   951 | D:2      | Reached skill level 1 in Spellcasting
   951 | D:2      | Reached skill level 1 in Evocations
   960 | D:2      | Reached XP level 4. HP: 36/41 MP: 5/5
  1348 | D:3      | Noticed a bullfrog
  1360 | D:3      | Killed a bullfrog
  1361 | D:3      | Reached skill level 1 in Conjurations
  1361 | D:3      | Reached skill level 1 in Hexes
  1361 | D:3      | Reached skill level 1 in Summonings
  1361 | D:3      | Reached skill level 1 in Necromancy
  1361 | D:3      | Reached skill level 1 in Translocations
  1361 | D:3      | Reached skill level 1 in Transmutations
  1361 | D:3      | Reached skill level 1 in Fire Magic
  1361 | D:3      | Reached skill level 1 in Ice Magic
  1361 | D:3      | Reached skill level 1 in Air Magic
  1361 | D:3      | Reached skill level 1 in Earth Magic
  1361 | D:3      | Reached skill level 1 in Poison Magic
  1361 | D:3      | Reached XP level 5. HP: 31/47 MP: 5/7
  1364 | D:3      | HP: 8/44 [something/puff of flame (4)]
  1366 | D:3      | HP: 3/43 [something (2)]
  1366 | D:3      | HP: 1/43 [something (2)]
  1367 | D:3      | Slain by an orc wizard

Vanquished Creatures
  A bullfrog (D:3)
  An orc priest (D:3)
  2 adders (D:2)
  2 worms (D:2)
  A dart slug (D:1)
  2 leopard geckos (D:1)
  2 orcs
  A giant cockroach (D:1)
  6 goblins
  7 hobgoblins
  5 jackals (D:2)
  5 kobolds
  7 bats
  6 frilled lizards
  6 rats
54 creatures vanquished.

Table legend:
 A = Non-vault XP
 B = Vault XP
 C = Vault XP percentage of total XP
 D = Non-vault monster count
 E = Vault monster count
 F = Vault count percentage of total count
                 A         B        C        D         E       F
            +---------+---------+-------+---------+---------+-------
      Total |     253 |       4 |   1.6 |      51 |       3 |   5.6
            +---------+---------+-------+---------+---------+-------
        D:1 |      36 |       4 |  10.0 |      19 |       3 |  13.6
        D:2 |      78 |       0 |   0.0 |      28 |       0 |   0.0
        D:3 |     139 |       0 |   0.0 |       4 |       0 |   0.0
            +---------+---------+-------+---------+---------+-------

Illustrated notes

Table legend:
 A = Kills in this place as a percentage of kills in entire the game.
 B = Kills by you in this place as a percentage of kills by you in the entire game.
 C = Kills by friends in this place as a percentage of kills by friends in the entire game.
 D = Other kills in this place as a percentage of other kills in the entire game.
 E = Experience gained in this place as a percentage of experience gained in the entire game.
 F = Experience gained in this place divided by the number of levels of this place that you have seen.
                   A       B       C       D       E      F
               +-------+-------+-------+-------+-------+----------------------
         Total | 100.0 | 100.0 |   N/A |   N/A | 100.0 |  85.7
       Dungeon | 100.0 | 100.0 |   N/A |   N/A | 100.0 |  85.7
               +-------+-------+-------+-------+-------+----------------------

Table legend: (Time is in decaauts)
 A = Elapsed time spent in this place.
 B = Non-inter-level travel time spent in this place.
 C = Inter-level travel time spent in this place.
 D = Time resting spent in this place.
 E = Time spent auto-exploring this place.
 F = Levels seen in this place.
 G = Mean time per level.
                   A        B        C        D        E       F      G
               +--------+--------+--------+--------+--------+-----+--------+
         Total |   1372 |   1313 |     59 |      0 |   1020 |   3 |  457.3 |
       Dungeon |   1372 |   1313 |     59 |      0 |   1020 |   3 |  457.3 |
               +--------+--------+--------+--------+--------+-----+--------+

Top non-repeatable levels by time:
     D:1: 763 daAuts
     D:2: 573 daAuts
     D:3: 36 daAuts
